 Dungeon Crawl Stone Soup version 0.17.1-1-g73c8601 (webtiles) character file.

2100 Goblin1989 the Martial Artist (level 9, 0/46 HPs)
             Began as a Vine Stalker Monk on Jan 2, 2016.
             Succumbed to a killer bee's poison
             ... on level 8 of the Dungeon.
             The game lasted 00:17:35 (5461 turns).

Goblin1989 the Martial Artist (Vine Stalker Monk)   Turns: 5461, Time: 00:17:36

Health: 0/46       AC: 11    Str: 14      XL:     9   Next: 28%
Magic:  0/10       EV:  7    Int: 14 (15) God:
Gold:   159        SH:  0    Dex: 20      Spells: 0 memorised, 8 levels left

rFire  . . .     SeeInvis +       - Unarmed
rCold  . . .     Clarity  .     o - +0 chain mail (curse)
rNeg   . . .     SustAt   .     (no shield)
rPois  .         Gourm    .     (helmet restricted)
rElec  .         Spirit   +     q - +0 cloak (curse)
rCorr  .         Warding  .     (no gloves)
rMut   .         Stasis   .     A - +0 pair of boots
MR     +....                    v - amulet of regeneration
Stlth  ..........               B - ring of see invisible
                                x - ring of the Skies Above {Str-2 Dex+2} (curse)

@: brilliant, lethally poisoned (0 -> -4), flying, somewhat resistant to hostile
enchantments, extremely unstealthy
A: fangs 3, horns 1, talons 1, deterioration 1, regeneration 2, screaming 1,
magic shield, antimagic bite, no device heal 3, rot immunity
a: no special abilities


You were on level 8 of the Dungeon.
You were near starving.

You visited 2 branches of the dungeon, and saw 9 of its levels.

You collected 489 gold pieces.
You spent 330 gold pieces at shops.

Inventory:

Armour
 o - a cursed +0 chain mail (worn)
 q - a cursed +0 cloak (worn)
 A - a +0 pair of boots (worn)
 E - a +0 plate armour
Jewellery
 v - an amulet of regeneration (around neck)
 x - the cursed ring of the Skies Above (left hand) {Str-2 Dex+2}
   (You found it on level 4 of the Dungeon)

   [ring of strength]

   It affects your strength (-2).
   It affects your dexterity (+2).
   It has a curse placed upon it.
 B - a ring of see invisible (right hand)
 C - an uncursed ring of sustain attributes
Wands
 k - a wand of fire (3)
 w - a wand of enslavement (6)
 F - a wand of magic darts (22)
 K - a wand of paralysis (12)
Scrolls
 a - 3 scrolls of remove curse {unknown}
 e - 2 scrolls of fear {unknown}
 j - 2 scrolls of magic mapping {unknown}
 r - 6 scrolls of identify {unknown}
 s - 2 scrolls of amnesia {unknown}
 t - 2 scrolls of recharging {unknown}
 u - 3 scrolls of enchant armour {unknown}
 y - 5 scrolls of noise {unknown}
 G - a scroll of random uselessness {unknown}
 I - a scroll of teleportation {unknown}
Potions
 c - a potion of brilliance
 g - a potion of degeneration {unknown}
 i - a potion of flight
 l - a potion of cure mutation {unknown}
 n - a potion of cancellation {unknown}
 p - a potion of agility {unknown}
 z - 4 potions of might {unknown}
 D - a potion of magic {unknown}
Books
 H - a book of Burglary

   Spells                             Type                      Level
   a - Swiftness                      Charms/Air                   2
   b - Passwall                       Transmutation/Earth          3
   c - Passage of Golubria            Translocation                4
   d - Lee's Rapid Deconstruction     Earth                        5
   e - Darkness                       Hexes                        6
   f - Invisibility                   Hexes                        6
 J - a book of the Warp

   Spells                             Type                      Level
   a - Recall                         Summoning/Translocation      3
   b - Gell's Gravitas                Hexes/Translocation          3
   c - Force Lance                    Conjuration/Translocation    4
   d - Phase Shift                    Translocation                5
   e - Warp Weapon                    Charms/Translocation         5
   f - Summon Forest                  Summoning/Translocation      5
Comestibles
 b - 4 bread rations
 d - 4 fruits
 f - 10 slices of pizza
 h - 7 meat rations
 m - 3 beef jerkies


   Skills:
 * Level 4.4 Fighting
 - Level 4.2 Armour
 - Level 2.4 Dodging
 - Level 2.4 Stealth
 + Level 10.6 Unarmed Combat


You had 8 spell levels left.
You didn't know any spells.

Dungeon Overview and Level Annotations

Branches:
Dungeon (8/15)             Temple (1/1) D:6
   Lair: D:8-11

Altars:
Ashenzari
Cheibriados
Dithmenos
Fedhas
Gozag
Kikubaaqudgha
Makhleb
Nemelex Xobeh
Okawaru
Qazlal
Ru
Sif Muna
Trog
Xom
Zin
The Shining One

Shops:
D:6 ((*

Annotations:
D:2 Sigmund
D:4 1 exclusion


Innate Abilities, Weirdness & Mutations

You have razor-sharp teeth.
You heal very quickly.
When hurt, damage is shared between your health and your magic reserves.
Your bite disrupts and absorbs the magic of your enemies.
Potions and wands cannot restore your health.
You are immune to rotting.
You have a pair of small horns on your head.
You have sharp toenails.
Your body sometimes deteriorates upon taking damage.
You occasionally shout uncontrollably at your foes.


Message History

You see here a tomahawk.
The killer bee stings you. x2
* * * LOW HITPOINT WARNING * * *
You are more poisoned.
The killer bee poisons you!
Drink which item? (? for menu, Esc to quit)
It was a potion of brilliance.
You feel clever all of a sudden.
You feel sick.
The killer bee stings you but does no damage. x4
The killer bee stings you.
* * * LOW HITPOINT WARNING * * *
You are more poisoned.
The killer bee poisons you!
The killer bee stings you but does no damage.
Drink which item? (? for menu, Esc to quit)
It was a potion of flight.
You feel very buoyant.
You fly up into the air.
You die...

... ..... ..... ##.... ......
.>.## ..#<... ..[..####..##
###.#o.. ....
............###.....## ...#
#.# #...........#oo........
#.# #........#.y...# #.....
#.###.........@y.#.##......
#............##y(..........
#######.......####..(........
..#..........## ####........
#.#.###......# #y..#......
#.#.# #.......# #..##. .....
#.#.###...##..# #..# .. .>..
.(........##..# ##. ... ...
...............# # .... ..


You could see 3 killer bees, an orc wizard and 2 orcs.

Vanquished Creatures
  A human (D:7)
  A water moccasin (D:6)
  A sky beast (D:7)
  3 centaurs
  2 scorpions
  4 giant frogs
  A water moccasin skeleton (D:7)
  2 killer bees (D:8)
  A quasit (D:7)
  A crimson imp (D:7)
  A giant frog zombie (D:7)
  3 wights (D:7)
  A centaur skeleton (D:5)
  3 giant frog skeletons
  2 orc priests
  4 orc wizards
  Jessica (D:2)
  2 iguanas
  4 worker ants
  4 sheep (D:7)
  2 hound skeletons
  12 adders
  A shadow imp (D:5)
  2 oozes
  5 worms
  20 orcs
  9 giant cockroaches
  9 goblins
  3 hobgoblins
  13 jackals
  6 quokkas
  A ball python (D:2)
  8 bats
  A giant gecko (D:1)
  8 giant newts
  A jackal skeleton (D:7)
  5 kobolds
  6 rats
154 creatures vanquished.

Notes
Turn   | Place    | Note
--------------------------------------------------------------
     0 | D:1      | Goblin1989 the Vine Stalker Monk began the quest for the Orb.
     0 | D:1      | Reached XP level 1. HP: 11/11 MP: 2/2
   270 | D:1      | Reached XP level 2. HP: 16/16 MP: 3/3
   672 | D:2      | Reached skill level 5 in Unarmed Combat
   672 | D:2      | Reached XP level 3. HP: 19/19 MP: 4/4
   727 | D:2      | Noticed Jessica
   738 | D:2      | Killed Jessica
   738 | D:2      | Reached XP level 4. HP: 19/23 MP: 5/5
   776 | D:2      | Reached skill level 1 in Armour
  1052 | D:2      | Noticed Sigmund
  1289 | D:3      | Found an iron altar of Okawaru.
  1291 | D:3      | Reached XP level 5. HP: 17/27 MP: 6/6
  1909 | D:3      | Reached skill level 6 in Unarmed Combat
  2280 | D:3      | Gained mutation: You heal very quickly. [Vine Stalker growth]
  2280 | D:3      | Reached XP level 6. HP: 32/32 MP: 7/7
  2535 | D:4      | Found a shadowy altar of Dithmenos.
  2535 | D:4      | Found a blossoming altar of Fedhas.
  2560 | D:4      | Reached skill level 7 in Unarmed Combat
  2818 | D:4      | Found a burning altar of Makhleb.
  2827 | D:4      | Got a scintillating steel ring
  2846 | D:4      | Identified the cursed ring of the Skies Above {Str-2 Dex+2} (You found it on level 4 of the Dungeon)
  3000 | D:5      | Entered Level 5 of the Dungeon
  3036 | D:5      | Reached XP level 7. HP: 35/35 MP: 8/8
  3182 | D:5      | Reached skill level 8 in Unarmed Combat
  3356 | D:5      | Found a snail-covered altar of Cheibriados.
  3507 | D:5      | Found a glowing golden altar of the Shining One.
  3761 | D:6      | Gained mutation: You have razor-sharp teeth. [Vine Stalker growth]
  3761 | D:6      | Reached XP level 8. HP: 36/39 MP: 9/9
  3778 | D:6      | Found a glowing silver altar of Zin.
  3880 | D:6      | Found Ahiben's Antique Weapon Boutique.
  3921 | D:6      | Found Dura's Antique Weapon Shoppe.
  4128 | D:6      | Found Eruannef's Assorted Antiques.
  4139 | D:6      | Reached skill level 9 in Unarmed Combat
  4146 | D:6      | Bought a paperback book for 330 gold pieces
  4183 | D:6      | Found a staircase to the Ecumenical Temple.
  4188 | Temple   | Entered the Ecumenical Temple
  4729 | D:7      | Found an opulent altar of Gozag.
  4755 | D:7      | Gained mutation: You can breathe flames. [mutagenic meat]
  4756 | D:7      | Gained mutation: Your body sometimes deteriorates upon taking damage. [mutagenic meat]
  4757 | D:7      | Gained mutation: You have a pair of small horns on your head. [mutagenic meat]
  4758 | D:7      | Lost mutation: You can breathe flames. [mutagenic meat]
  4759 | D:7      | Gained mutation: You have sharp toenails. [mutagenic meat]
  4760 | D:7      | Gained mutation: You occasionally shout uncontrollably at your foes. [mutagenic meat]
  4862 | D:7      | Reached skill level 10 in Unarmed Combat
  4967 | D:7      | Reached XP level 9. HP: 38/45 MP: 10/10
  5459 | D:8      | HP: 2/46 [killer bee (2)]
  5461 | D:8      | Succumbed to a killer bee's poison

Action                   |  1- 3 |  4- 6 |  7- 9 || total
-------------------------+-------+-------+-------++-------
Melee: Unarmed           |    61 |   275 |   255 ||   591
  Use: Potion            |       |       |     2 ||     2
 Stab: Sleeping          |     4 |       |       ||     4
  Eat: Chunk             |       |     7 |    12 ||    19
       Royal jelly       |       |       |     1 ||     1
